[Event "Titled Tuesday Blitz March 07 Late 2023"]
[White "Reprintsev, Alexander"]
[Black "Winkels, Marcel"]
[WhiteFideId "14100541"]
[BlackFideId "1003887"]
[WhiteElo "2229"]
[BlackElo "1900"]
[Result "1-0"]
[Round "01"]
[TimeControl "180+2"]
[Date "2023.03.07"]
[WhiteClock "0:00:20"]
[BlackClock "0:00:03"]

1. e4 c5 2. b3 Nc6 3. Bb2 e5 4. f4 d6 5. Qf3 Nf6 6. Bb5 exf4 7. Qxf4 Be7 8. Nf3 O-O 9. Bxc6 bxc6 10. d3 Be6 11. Nbd2 d5 12. O-O d4 13. Ng5 Bd7 14. h4 Ng4 15. Nc4 h6 16. Nf3 Bxh4 17. Nxh4 Qxh4 18. Rf3 Qg5 19. Qxg5 hxg5 20. Ba3 Be6 21. Bxc5 Rfd8 22. Be7 Rd7 23. Bxg5 f6 24. Bf4 a5 25. a4 Bxc4 26. bxc4 Ne5 27. Bxe5 fxe5 28. Rb1 Raa7 29. Rb8+ Kh7 30. Rf5 Re7 31. Rc8 Ra6 32. Kf2 Rb6 33. Ke2 Kg6 34. Kd2 Rb4 35. Rxc6+ Kh7 36. Rc5 Rxa4 37. Rfxe5 Rxe5 38. Rxe5 Ra1 39. Rd5 a4 40. Rxd4 a3 41. Rd8 a2 42. Ra8 Rg1 43. Rxa2 Rxg2+ 44. Ke3 g5 45. c5 Rg1 46. c6 Rf1 47. d4 Rf8 48. d5 g4 49. c4 g3 50. Kd4 Rf2 51. c7 Rxa2 52. c8=Q g2 53. Qh3+ Kg6 54. Qg3+ Kf6 55. e5+ Ke7 56. Qg7+ Kd8 57. e6 Rd2+ 58. Kc5 1-0


[Site "https://www.chess.com"]

[Event "Titled Tuesday Blitz March 07 Late 2023"]
[White "Gurevich, Ilya"]
[Black "Risteski, Emil"]
[WhiteFideId "2000628"]
[BlackFideId "15005267"]
[WhiteElo "2137"]
[BlackElo "2251"]
[Result "1-0"]
[Round "01"]
[TimeControl "180+2"]
[Date "2023.03.07"]
[WhiteClock "0:00:03"]
[BlackClock "0:00:11"]

1. d4 d6 2. c4 Nf6 3. Nc3 Nbd7 4. Nf3 e5 5. e4 Be7 6. Be2 O-O 7. O-O c6 8. h3 Re8 9. Be3 Bf8 10. d5 c5 11. Ne1 g6 12. Nd3 h5 13. a3 Kh7 14. Qd2 Ng8 15. b4 b6 16. bxc5 Nxc5 17. Nxc5 bxc5 18. Rab1 Bh6 19. Rb3 Bxe3 20. Qxe3 f5 21. exf5 Bxf5 22. g4 hxg4 23. hxg4 Bd7 24. Kg2 Kg7 25. Rh1 Rb8 26. Rxb8 Qxb8 27. Ne4 Rf8 28. Qh3 Nf6 29. Qh6+ Kf7 30. Ng5+ Ke7 31. Qg7+ Ke8 32. Qxg6+ Kd8 33. Rb1 Qc8 34. Nf7+ Kc7 35. Qxf6 Qa6 36. Qe7 Re8 37. Qf6 Rf8 38. g5 Rg8 39. g6 Be8 40. Qe7+ Bd7 41. Qf6 Be8 42. Kf1 Bd7 43. g7 Bh3+ 44. Kg1 Bd7 45. Nh6 Re8 46. Qf7 Qxa3 47. Bg4 Rd8 48. g8=Q Rxg8 49. Qxd7# 1-0


[Site "https://www.chess.com"]

[Event "Titled Tuesday Blitz March 07 Late 2023"]
[White "Kavutskiy, Konstantin"]
[Black "Chemin, Justo Reinaldo"]
[WhiteFideId "2026384"]
[BlackFideId "2101580"]
[WhiteElo "2369"]
[BlackElo "1940"]
[Result "1-0"]
[Round "01"]
[TimeControl "180+2"]
[Date "2023.03.07"]
[WhiteClock "0:01:47"]
[BlackClock "0:00:04"]

1. d4 e6 2. Nf3 d5 3. c4 c5 4. cxd5 cxd4 5. dxe6 Qd5 6. exf7+ Kxf7 7. Qxd4 Qxd4 8. Nxd4 Bb4+ 9. Nc3 Bxc3+ 10. bxc3 Nf6 11. f3 Nc6 12. e4 Rd8 13. Bc4+ Kg6 14. Be3 Ne5 15. Be2 Bd7 16. g4 h5 17. g5 Nh7 18. f4 Ng4 19. f5+ Kf7 20. g6+ Ke7 21. Bxg4 1-0


[Site "https://www.chess.com"]

[Event "Titled Tuesday Blitz March 07 Late 2023"]
[White "Lorenzo De La Riva, Lazaro"]
[Black "Pert, Richard G"]
[WhiteFideId "2268809"]
[BlackFideId "404748"]
[WhiteElo "2294"]
[BlackElo "2441"]
[Result "0-1"]
[Round "01"]
[TimeControl "180+2"]
[Date "2023.03.07"]
[WhiteClock "0:00:02"]
[BlackClock "0:00:20"]

1. e4 d5 2. exd5 Nf6 3. Nf3 Bg4 4. h3 Bh5 5. d4 Qxd5 6. c4 Qe4+ 7. Be3 Bxf3 8. gxf3 Qf5 9. Bd3 Qd7 10. Nc3 e6 11. Qb3 c6 12. O-O-O Na6 13. a3 Be7 14. Ne4 O-O 15. Bb1 b5 16. Qd3 g6 17. c5 Nc7 18. h4 Nh5 19. Rdg1 Nd5 20. Bh6 Rfd8 21. Ng3 Ndf4 22. Qc2 Qxd4 23. Nxh5 Nxh5 24. Rg4 Qxc5 25. Rhg1 Rd5 26. Bg5 Qxc2+ 27. Bxc2 Bxg5+ 28. Rxg5 Rad8 29. Be4 Rxg5 30. Rxg5 f5 31. Bc2 Kf7 32. Rg1 Kf6 33. a4 Nf4 34. Rh1 h5 35. axb5 cxb5 36. Kb1 Rd2 37. Rf1 Ng2 38. Kc1 Rd6 39. Rh1 a5 40. Rh2 Ne1 41. Kb1 Rd2 42. Bb3 a4 43. Bxa4 bxa4 44. f4 Nd3 45. Rg2 Rxb2+ 46. Ka1 Rxf2 47. Rg3 Nxf4 48. Rg1 Ng2 49. Rd1 Nxh4 50. Rd8 Nf3 51. Rf8+ Kg5 52. Rb8 h4 53. Rh8 e5 54. Rh7 e4 55. Kb1 e3 56. Kc1 Rd2 57. Re7 h3 58. Re6 h2 59. Rxg6+ Kxg6 60. Kb1 h1=Q# 0-1


[Site "https://www.chess.com"]

[Event "Titled Tuesday Blitz March 07 Late 2023"]
[White "Mendez Fortes, Eduardo Jesus"]
[Black "ritanovikova"]
[WhiteFideId "3502376"]
[WhiteElo "2307"]
[BlackElo "2126"]
[Result "1-0"]
[Round "01"]
[TimeControl "180+2"]
[Date "2023.03.07"]
[WhiteClock "0:01:56"]
[BlackClock "0:01:36"]

1. e4 d5 2. exd5 Qxd5 3. Nc3 Qd6 4. d4 Nf6 5. Bc4 Bg4 6. f3 Bh5 7. Nge2 a6 8. Bf4 Qb6 9. Qd2 e6 10. O-O-O Bb4 11. a3 Bxc3 12. Nxc3 Nbd7 13. g4 Bg6 14. h4 h6 15. g5 Nh5 16. d5 O-O-O 17. gxh6 Nxf4 18. hxg7 Rh7 19. Qxf4 Rxg7 20. dxe6 fxe6 21. h5 Bf5 22. h6 Rh7 23. Bb3 Rdh8 24. Ne4 Bxe4 25. fxe4 Nc5 26. Rh3 e5 27. Qxe5 Nxb3+ 28. cxb3 Qxb3 29. Rxb3 1-0


[Site "https://www.chess.com"]

[Event "Titled Tuesday Blitz March 07 Late 2023"]
[White "Michalski, Olaf"]
[Black "Urbina Perez, Juan Antonio"]
[WhiteFideId "1106740"]
[BlackFideId "2217368"]
[WhiteElo "2173"]
[BlackElo "2197"]
[Result "0-1"]
[Round "01"]
[TimeControl "180+2"]
[Date "2023.03.07"]
[WhiteClock "0:00:01"]
[BlackClock "0:01:41"]

1. d4 Nf6 2. Nf3 g6 3. Bf4 Bg7 4. e3 O-O 5. h3 d6 6. Be2 Nbd7 7. c4 Re8 8. O-O Nh5 9. Bh2 e5 10. g4 e4 11. Nfd2 Nhf6 12. g5 Nh5 13. Bxh5 gxh5 14. Qxh5 Kh8 15. Nc3 Rg8 16. Ncxe4 Nf8 17. Kh1 Bf5 18. Ng3 Bg6 19. Qf3 Qxg5 20. Qxb7 Rb8 21. Qxb8 Ne6 22. Qb7 Qh4 23. Qg2 Ng5 24. Nf3 Nxf3 25. Qxf3 Qxh3 26. Qg2 Qh4 27. f4 Bh6 28. Kg1 Bd3 29. Kf2 c6 30. b3 d5 31. Rad1 Be4 32. Qg1 Qh5 0-1


[Site "https://www.chess.com"]

[Event "Titled Tuesday Blitz March 07 Late 2023"]
[White "Kretchetov, Alexandre"]
[Black "Ramirez, Maria Eugenia"]
[WhiteFideId "4124588"]
[BlackFideId "3301680"]
[WhiteElo "2531"]
[BlackElo "1842"]
[Result "1-0"]
[Round "01"]
[TimeControl "180+2"]
[Date "2023.03.07"]
[WhiteClock "0:00:58"]
[BlackClock "0:00:06"]

1. Nf3 Nf6 2. c4 e6 3. Nc3 c5 4. g3 Nc6 5. Bg2 Be7 6. O-O O-O 7. d4 cxd4 8. Nxd4 Bc5 9. Nb3 Bb6 10. Bf4 Bc7 11. Bxc7 Qxc7 12. Nb5 Qd8 13. Nd6 Ne5 14. Qd4 Nc6 15. Qd2 Rb8 16. Rfd1 Ne8 17. Rac1 Nf6 18. h3 h6 19. a3 b6 20. Kh2 Qc7 21. e4 Bb7 22. f4 e5 23. f5 a5 24. Nb5 Qd8 25. Qe3 a4 26. Nd2 Ba6 27. Nc3 Nd4 28. Nxa4 Qc7 29. Nc3 d6 30. Ne2 Nc6 31. b4 Bb7 32. Nb3 Rfd8 33. Nc3 Ne7 34. Nb5 Qc6 35. Nd2 Nxf5 36. Qf2 Ne7 37. Rf1 Ba6 38. Nc3 Rbc8 39. b5 Qb7 40. bxa6 Qxa6 41. Nd5 Nexd5 42. exd5 Qxa3 43. Ne4 Nxe4 44. Qxf7+ Kh8 45. Bxe4 Qb2+ 46. Rc2 Qd4 47. Qg6 Rxc4 48. Qh7# 1-0


[Site "https://www.chess.com"]

[Event "Titled Tuesday Blitz March 07 Late 2023"]
[White "Stead, Kerry"]
[Black "Poltorak, Sebastian"]
[WhiteFideId "3202577"]
[BlackFideId "1199498"]
[WhiteElo "1997"]
[BlackElo "2195"]
[Result "0-1"]
[Round "01"]
[TimeControl "180+2"]
[Date "2023.03.07"]
[WhiteClock "0:00:02"]
[BlackClock "0:02:02"]

1. d4 Nf6 2. f3 d5 3. e4 dxe4 4. Nc3 Bf5 5. fxe4 Nxe4 6. Qf3 Nd6 7. Bf4 e6 8. O-O-O Be7 9. Bxd6 Bxd6 10. Qxb7 Nd7 11. Nf3 O-O 0-1


[Site "https://www.chess.com"]

[Event "Titled Tuesday Blitz March 07 Late 2023"]
[White "Do Nascimento,Christian Almeida"]
[Black "Marcolino, Daniel Mattos"]
[WhiteFideId "2143801"]
[BlackFideId "2106841"]
[WhiteElo "2125"]
[BlackElo "2117"]
[Result "1-0"]
[Round "01"]
[TimeControl "180+2"]
[Date "2023.03.07"]
[WhiteClock "0:01:13"]
[BlackClock "0:00:34"]

1. e4 c6 2. d4 d5 3. Nc3 dxe4 4. Nxe4 Nd7 5. Qe2 Ndf6 6. Nxf6+ Nxf6 7. Nf3 Bg4 8. Be3 e6 9. O-O-O Bxf3 10. Qxf3 Qd5 11. Qg3 Qxa2 12. Bd3 Qa1+ 13. Kd2 Qxb2 14. Rb1 Qa3 15. Rb3 Qa5+ 16. Ke2 Qh5+ 17. f3 b6 18. Qc7 Qd5 19. Ra1 Bd6 20. Qb7 Rd8 21. c4 Qh5 22. Qxc6+ Kf8 23. Rxa7 Qxh2 24. Qxb6 Qxg2+ 25. Bf2 Ke8 26. Qc6+ Kf8 27. Rbb7 Kg8 28. Qxd6 1-0


[Site "https://www.chess.com"]

[Event "Titled Tuesday Blitz March 07 Late 2023"]
[White "Quispe Santacruz, Javier"]
[Black "Fernandez Garcia, Gumersindo"]
[WhiteFideId "3800920"]
[BlackFideId "24516740"]
[WhiteElo "1875"]
[BlackElo "2093"]
[Result "0-1"]
[Round "01"]
[TimeControl "180+2"]
[Date "2023.03.07"]
[WhiteClock "0:00:28"]
[BlackClock "0:00:08"]

1. d4 d5 2. c4 c6 3. Nf3 Nf6 4. e3 Bf5 5. Nc3 e6 6. Qb3 Qb6 7. c5 Qxb3 8. axb3 Nbd7 9. b4 a6 10. b5 cxb5 11. Bxb5 Rc8 12. Ba4 Be7 13. Ne5 Rc7 14. Bd2 O-O 15. Nxd7 Nxd7 16. O-O Nb8 17. Rfc1 Nc6 18. Ne2 f6 19. b4 e5 20. b5 axb5 21. Bxb5 Bg4 22. f3 Bf5 23. Bxc6 bxc6 24. Ng3 Bg6 25. Ra6 Rb8 26. Ba5 Rcc8 27. Bb6 exd4 28. exd4 f5 29. Ne2 Bg5 30. f4 Bf6 31. Kf2 Bh5 32. Ra4 Re8 33. Rc2 Re4 34. Bc7 Rbe8 35. Be5 Bxe5 36. fxe5 f4 37. Rca2 g5 38. h3 Kg7 39. Ng1 g4 40. hxg4 Bxg4 41. Nf3 Bxf3 42. gxf3 Re3 43. Ra7+ Kg6 44. Ra1 Rd3 45. Rg1+ Kh6 46. Rg4 Rxd4 47. Rag7 Rxe5 48. Rg8 Rd2+ 49. Kf1 Rd1+ 50. Kf2 d4 51. Rh4+ Rh5 52. Rxf4 Rh2+ 53. Kg3 Rg1+ 54. Kxh2 Rxg8 55. Rf7 Rd8 56. Rf6+ Kg5 57. Rd6 Rxd6 58. cxd6 Kf6 59. f4 Ke6 60. f5+ Kxd6 61. Kh3 c5 62. Kg4 c4 63. Kf4 d3 64. Ke3 Ke7 65. Kd2 Kf6 0-1


[Site "https://www.chess.com"]

[Event "Titled Tuesday Blitz March 07 Late 2023"]
[White "Carbone, Diego"]
[Black "Aung Thant Zin"]
[WhiteFideId "3002179"]
[BlackFideId "13000063"]
[WhiteElo "2266"]
[BlackElo "2278"]
[Result "1-0"]
[Round "01"]
[TimeControl "180+2"]
[Date "2023.03.07"]
[WhiteClock "0:00:22"]
[BlackClock "0:00:02"]

1. d4 Nf6 2. c4 e6 3. g3 d5 4. Nf3 Be7 5. Bg2 O-O 6. O-O dxc4 7. Qc2 a6 8. a4 Bd7 9. Qxc4 b5 10. Qc2 Bc6 11. Bf4 bxa4 12. Rc1 Be4 13. Bxc7 Bxc2 14. Bxd8 Rxd8 15. Rxc2 Ra7 16. Rxa4 Nd5 17. Ne5 Nb4 18. Rc4 f6 19. Nf3 Nd5 20. Rc1 Rb7 21. Rc2 Rb4 22. Rxb4 Nxb4 23. Rc7 Bd6 24. Ra7 N8c6 25. Rb7 Bf8 26. e3 Na5 27. Rc7 e5 28. Bh3 Kh8 29. Nc3 Nd3 30. dxe5 fxe5 31. Ng5 1-0


[Site "https://www.chess.com"]

[Event "Titled Tuesday Blitz March 07 Late 2023"]
[White "Eliteplayer3"]
[Black "Remolar Gallen, Jose"]
[BlackFideId "2215187"]
[WhiteElo "2092"]
[BlackElo "2223"]
[Result "0-1"]
[Round "01"]
[TimeControl "180+2"]
[Date "2023.03.07"]
[WhiteClock "0:01:03"]
[BlackClock "0:01:32"]

1. d4 Nf6 2. Nf3 g6 3. c4 c5 4. d5 b5 5. cxb5 a6 6. bxa6 Bxa6 7. Nc3 Bg7 8. e4 Bxf1 9. Rxf1 d6 10. Bf4 O-O 11. Qc2 Na6 12. a3 Nb4 13. Qd2 Qa5 14. O-O-O Rfb8 15. e5 c4 16. exf6 Nd3+ 17. Kb1 Qxa3 18. Qxd3 Qa1+ 19. Kc2 Rxb2# 0-1


[Site "https://www.chess.com"]

[Event "Titled Tuesday Blitz March 07 Late 2023"]
[White "Liu, Eric"]
[Black "Curtis, John"]
[WhiteFideId "30960240"]
[BlackFideId "3200256"]
[WhiteElo "2094"]
[BlackElo "2203"]
[Result "1-0"]
[Round "01"]
[TimeControl "180+2"]
[Date "2023.03.07"]
[WhiteClock "0:02:06"]
[BlackClock "0:00:01"]

1. d4 Nf6 2. Nf3 d5 3. h3 e6 4. Bf4 c5 5. e3 Nc6 6. Nbd2 Bd6 7. Bxd6 Qxd6 8. c3 e5 9. dxe5 Nxe5 10. Nxe5 Qxe5 11. Nf3 Qe7 12. Bb5+ Bd7 13. Bxd7+ Qxd7 14. O-O O-O 15. Qc2 Rfe8 16. Rad1 Qb5 17. b3 Rad8 18. Rd2 Qc6 19. Rfd1 Qc7 20. Qf5 h6 21. Nh2 Rd7 22. Ng4 Nxg4 23. hxg4 g6 24. Qf3 Qa5 25. Rxd5 Rxd5 26. Qxd5 Qxa2 27. Qxb7 Qc2 28. Rd7 Rf8 29. c4 Qc3 30. Rd5 Qe1+ 31. Kh2 Qxf2 32. Qe7 g5 33. Rd1 Qh4+ 34. Kg1 Qxg4 35. Rf1 Qe6 36. Qxc5 Re8 37. Re1 a6 38. Qd4 Rb8 39. Qc3 Qb6 40. Rb1 a5 41. Kf2 Qb4 42. Qd4 a4 43. Qf6 Qb6 44. Qxb6 Rxb6 45. b4 Rc6 46. c5 a3 47. Ra1 Ra6 48. Ke2 Ra4 49. c6 Rxb4 50. Rc1 1-0


[Site "https://www.chess.com"]

[Event "Titled Tuesday Blitz March 07 Late 2023"]
[White "Souza, Gustavo Horokoski De"]
[Black "Moral Garcia, Serafin"]
[WhiteFideId "2146584"]
[BlackFideId "2201925"]
[WhiteElo "1859"]
[BlackElo "2254"]
[Result "1/2-1/2"]
[Round "01"]
[TimeControl "180+2"]
[Date "2023.03.07"]
[WhiteClock "0:00:24"]
[BlackClock "0:00:28"]

1. d4 Nf6 2. c4 g6 3. Nc3 d5 4. Nf3 Bg7 5. Bf4 O-O 6. e3 c5 7. dxc5 Qa5 8. Rc1 dxc4 9. Bxc4 Qxc5 10. Bb3 Nc6 11. O-O Bg4 12. h3 Bxf3 13. Qxf3 Qa5 14. Rfd1 Rac8 15. Nd5 Nxd5 16. Rxd5 Qb6 17. Qe2 Rfd8 18. Rcd1 e6 19. Rxd8+ Rxd8 20. Rxd8+ Qxd8 21. Ba4 Qb6 22. Bxc6 Qxc6 23. b3 a6 24. Qd2 h5 25. Qd8+ Kh7 26. Qd6 Qc1+ 27. Kh2 Qb2 28. Bg3 h4 29. Bf4 Qxf2 30. Qe7 b5 31. a4 bxa4 32. bxa4 a5 33. Qc7 Qd2 34. Qxf7 Qd5 35. Qe7 Qf5 36. Qxh4+ Kg8 37. Qd8+ Kh7 38. Qh4+ Kg8 39. Qd8+ Kf7 40. Qd7+ Kg8 41. Qd8+ 1/2-1/2


[Site "https://www.chess.com"]

[Event "Titled Tuesday Blitz March 07 Late 2023"]
[White "Kokoszczynski, Jan"]
[Black "Djordjevic, Dejan N"]
[WhiteFideId "1174460"]
[BlackFideId "913316"]
[WhiteElo "2139"]
[BlackElo "2261"]
[Result "1-0"]
[Round "01"]
[TimeControl "180+2"]
[Date "2023.03.07"]
[WhiteClock "0:00:03"]
[BlackClock "0:00:01"]

1. e4 c5 2. Nf3 Nc6 3. d4 cxd4 4. Nxd4 Nf6 5. Nc3 Qb6 6. Nb3 e6 7. Bd3 a6 8. Be3 Qc7 9. O-O b5 10. a3 Be7 11. h3 O-O 12. Qd2 d6 13. f4 Rb8 14. Qf2 b4 15. Ne2 e5 16. a4 Re8 17. Rad1 Bf8 18. fxe5 dxe5 19. Qg3 Kh8 20. Rf2 Be6 21. Rdf1 Ng8 22. Nc5 Bxc5 23. Bxc5 a5 24. b3 f6 25. Be3 Rbd8 26. Rd1 Nge7 27. Nc1 Nd4 28. Rfd2 Rd7 29. Qf2 Red8 30. Ne2 Nec6 31. Nxd4 Nxd4 32. Kh2 h6 33. Bf1 Nc6 34. Bb5 Rxd2 35. Rxd2 Rxd2 36. Qxd2 Kh7 37. c4 Ne7 38. Qf2 Ng6 39. Bb6 Qb7 40. Bxa5 Qxe4 41. Bxb4 Qd3 42. c5 Qxb3 43. Be1 Nf4 44. Bd2 Bd5 45. Bxf4 exf4 46. Qxf4 Qc2 47. Qg3 Qxc5 48. Qd3+ g6 49. Be8 f5 50. Bb5 1-0


[Site "https://www.chess.com"]

[Event "Titled Tuesday Blitz March 07 Late 2023"]
[White "Levine, David"]
[Black "Kaplan, Avi Harrison"]
[WhiteFideId "2011611"]
[BlackFideId "30934559"]
[WhiteElo "2070"]
[BlackElo "1983"]
[Result "0-1"]
[Round "01"]
[TimeControl "180+2"]
[Date "2023.03.07"]
[WhiteClock "0:00:05"]
[BlackClock "0:00:12"]

1. d4 Nf6 2. c4 a6 3. Nc3 b5 4. cxb5 axb5 5. Nxb5 e5 6. dxe5 Ne4 7. Qc2 Bb4+ 8. Nc3 Bb7 9. Bf4 O-O 10. Nf3 Ra3 11. Rc1 Rxa2 12. Qb3 Bxc3+ 13. bxc3 Ra7 14. e3 Nc6 15. Bd3 Nc5 16. Qc2 Nxd3+ 17. Qxd3 Ba6 18. c4 Nb4 19. Qe4 d5 20. exd6 Re8 21. Qd4 c5 22. Qd2 Bxc4 23. Rxc4 Ra1+ 24. Rc1 Rxc1+ 25. Qxc1 Nd3+ 26. Ke2 Nxc1+ 27. Rxc1 Qb6 28. Rd1 Rd8 29. Bg5 Rxd6 0-1


[Site "https://www.chess.com"]

[Event "Titled Tuesday Blitz March 07 Late 2023"]
[White "Hirneise, Jens"]
[Black "Vanek, Tomas"]
[WhiteFideId "24614734"]
[BlackFideId "313459"]
[WhiteElo "2345"]
[BlackElo "2052"]
[Result "1-0"]
[Round "01"]
[TimeControl "180+2"]
[Date "2023.03.07"]
[WhiteClock "0:02:25"]
[BlackClock "0:02:07"]

1. c4 f5 2. Nc3 Nf6 3. d3 e5 4. e4 fxe4 5. dxe4 Bb4 6. Bd2 O-O 7. Bd3 Nc6 8. Nge2 d6 9. O-O Qe8 10. Nd5 Nxd5 11. cxd5 Bxd2 12. dxc6 Ba5 13. cxb7 Bxb7 14. Qb3+ Qf7 15. Qxb7 Bb6 16. Qd5 Bxf2+ 17. Rxf2 Qxd5 18. exd5 Rxf2 19. Kxf2 Rb8 20. b3 Re8 21. Rc1 1-0


[Site "https://www.chess.com"]

[Event "Titled Tuesday Blitz March 07 Late 2023"]
[White "Jesusesmifuerza"]
[Black "Derige Kane, Yan"]
[BlackFideId "20665431"]
[WhiteElo "2051"]
[BlackElo "2149"]
[Result "0-1"]
[Round "01"]
[TimeControl "180+2"]
[Date "2023.03.07"]
[WhiteClock "0:00:26"]
[BlackClock "0:01:30"]

1. d4 Nf6 2. Bg5 e6 3. e4 h6 4. Bxf6 Qxf6 5. c3 d5 6. Nd2 c5 7. Ngf3 Nc6 8. Bb5 Bd7 9. exd5 exd5 10. Qe2+ Be7 11. dxc5 O-O 12. O-O Bxc5 13. Nb3 Bb6 14. Rad1 Be6 15. Nfd4 Nxd4 16. Nxd4 Bc8 17. Rfe1 Qg6 18. Bd3 Qf6 19. Qe5 Qxe5 20. Rxe5 Be6 21. Nxe6 fxe6 22. Rd2 Rf6 23. Kf1 Raf8 24. f3 Kf7 25. Rde2 Bc7 26. Rh5 Rd8 27. h3 Bg3 28. Rhe5 Bxe5 29. Rxe5 Ke7 30. c4 Kd6 31. Re2 d4 32. Re4 e5 33. Ke2 Rf4 34. g3 Rxe4+ 35. Bxe4 Kc5 36. Kd3 g5 37. a3 a5 38. g4 b5 39. b3 a4 40. cxb5 axb3 41. Bc6 b2 42. Kc2 d3+ 0-1


[Site "https://www.chess.com"]

[Event "Titled Tuesday Blitz March 07 Late 2023"]
[White "Ehlvest, Jaan"]
[Black "Dorato, Adriano"]
[WhiteFideId "4500016"]
[BlackFideId "2802894"]
[WhiteElo "2442"]
[BlackElo "1709"]
[Result "1-0"]
[Round "01"]
[TimeControl "180+2"]
[Date "2023.03.07"]
[WhiteClock "0:01:48"]
[BlackClock "0:00:12"]

1. e4 c5 2. Nf3 g6 3. c4 Bg7 4. d4 cxd4 5. Nxd4 Nc6 6. Be3 Nf6 7. Nc3 d6 8. f3 Bd7 9. Qd2 Nxd4 10. Bxd4 a5 11. b3 Bc6 12. Be2 O-O 13. O-O Nd7 14. Be3 Nc5 15. Rad1 Be5 16. Kh1 e6 17. Nb5 Qh4 18. Bg1 Bxe4 19. g3 Bxg3 20. fxe4 Nxe4 21. Qe3 Be5 22. Rf3 Ng3+ 23. Rxg3 Bxg3 24. Qxg3 Qe4+ 25. Bf3 Qc2 26. Nxd6 Qxa2 27. Bxb7 Rab8 28. c5 Qc2 29. Rf1 Qxc5 30. Bxc5 1-0


[Site "https://www.chess.com"]

[Event "Titled Tuesday Blitz March 07 Late 2023"]
[White "Ricaurte Lopez, Juan Carlos"]
[Black "Romkachess"]
[WhiteFideId "3600327"]
[WhiteElo "2209"]
[BlackElo "2520"]
[Result "0-1"]
[Round "01"]
[TimeControl "180+2"]
[Date "2023.03.07"]
[WhiteClock "0:00:20"]
[BlackClock "0:00:12"]

1. e4 c5 2. d4 cxd4 3. c3 Nf6 4. e5 Nd5 5. Bc4 e6 6. Nf3 Be7 7. O-O Nc6 8. cxd4 O-O 9. Nc3 Nxc3 10. bxc3 d6 11. exd6 Qxd6 12. Qd3 b6 13. a4 Bb7 14. Ng5 Bxg5 15. Bxg5 Na5 16. Ba6 Bxa6 17. Qxa6 Qc6 18. Be7 Rfc8 19. Bb4 Qc4 20. Qb5 Nb3 21. Qxc4 Rxc4 22. Ra3 Nd2 23. Rd1 Ne4 24. f3 Nf6 25. a5 Rac8 26. axb6 axb6 27. Ra6 Nd5 28. Kf2 h5 29. h4 Nxb4 30. cxb4 Rxb4 31. d5 Rc2+ 32. Kg3 exd5 33. Rxd5 Rbb2 34. Rxh5 Rxg2+ 35. Kf4 g6 36. Rg5 Rb4+ 37. Ke3 Rh2 38. Rd5 Rhxh4 39. Rd6 Rb3+ 40. Kf2 Rh3 41. Rf6 Kg7 42. Raxb6 Rhxf3+ 43. Rxf3 Rxb6 44. Kg3 f5 45. Rc3 Kf6 46. Rc4 Kg5 47. Rc3 Re6 48. Kf3 Re4 49. Rc5 Ra4 50. Rc3 Rh4 51. Kg3 f4+ 52. Kg2 Kg4 53. Rc5 g5 54. Rc4 Rh3 55. Rb4 Ra3 56. Rb2 Ra4 57. Kf2 f3 58. Rc2 Re4 59. Rb2 Re2+ 0-1


[Site "https://www.chess.com"]

[Event "Titled Tuesday Blitz March 07 Late 2023"]
[White "Pinheiro, Iung Alicio de O."]
[Black "Maranhao,Jose Renato Ruiz"]
[WhiteFideId "2104350"]
[BlackFideId "2135175"]
[WhiteElo "2283"]
[BlackElo "1970"]
[Result "1-0"]
[Round "01"]
[TimeControl "180+2"]
[Date "2023.03.07"]
[WhiteClock "0:00:12"]
[BlackClock "0:00:01"]

1. e4 g6 2. d4 Bg7 3. Nc3 b6 4. h4 Bb7 5. h5 e6 6. Nf3 Nf6 7. h6 Bf8 8. Bg5 Be7 9. Bd3 d5 10. Qe2 dxe4 11. Nxe4 Nxe4 12. Bxe4 Bxe4 13. Qxe4 c6 14. Bxe7 Qxe7 15. Qe5 f6 16. Qe4 O-O 17. O-O-O Nd7 18. Rhe1 Rae8 19. Qxc6 e5 20. dxe5 Nxe5 21. Nxe5 fxe5 22. Rd7 Qg5+ 23. Kb1 Qxh6 24. Qd5+ Kh8 25. f3 Qf4 26. Rh1 h5 27. Qb7 1-0


[Site "https://www.chess.com"]

[Event "Titled Tuesday Blitz March 07 Late 2023"]
[White "Manu_ChessExcelsior"]
[Black "Berezin, Viktor"]
[BlackFideId "14107872"]
[WhiteElo "1982"]
[BlackElo "2310"]
[Result "0-1"]
[Round "01"]
[TimeControl "180+2"]
[Date "2023.03.07"]
[WhiteClock "0:00:15"]
[BlackClock "0:00:55"]

1. e4 g6 2. d4 Bg7 3. Nc3 d6 4. f4 Nf6 5. Nf3 O-O 6. Be3 Na6 7. a3 c5 8. e5 Ng4 9. Bg1 cxd4 10. Bxd4 dxe5 11. fxe5 Qa5 12. b4 Qc7 13. Nd5 Qd8 14. c4 Nc7 15. Nf4 Ne6 16. Nxe6 Bxe6 17. Be2 Qc7 18. O-O Nxe5 19. Ng5 Bf5 20. Bxe5 Bxe5 21. Ra2 Bxh2+ 22. Kh1 Be5 23. Bf3 Rad8 24. Qb3 Bf6 25. Ne4 Bxe4 26. Bxe4 Rd4 27. Bd5 Rh4+ 28. Kg1 Bd4+ 29. Rff2 Bxf2+ 30. Kxf2 e6 31. Bf3 Qe5 32. c5 Rd8 33. Re2 Qd4+ 34. Kg3 Qf6 35. Qe3 Rhd4 36. Be4 R8d7 37. Bf3 Qh4# 0-1


[Site "https://www.chess.com"]

[Event "Titled Tuesday Blitz March 07 Late 2023"]
[White "Roberson, Peter T"]
[Black "Cavanah, Troy"]
[WhiteFideId "412384"]
[BlackFideId "30949670"]
[WhiteElo "2346"]
[BlackElo "1878"]
[Result "1-0"]
[Round "01"]
[TimeControl "180+2"]
[Date "2023.03.07"]
[WhiteClock "0:01:48"]
[BlackClock "0:00:26"]

1. d4 Nf6 2. Bg5 d5 3. Bxf6 exf6 4. e3 c5 5. Nf3 Nc6 6. Nbd2 cxd4 7. exd4 Bd6 8. Bd3 O-O 9. O-O Bg4 10. h3 Bh5 11. c3 a6 12. Re1 b5 13. Nf1 Ne7 14. Ne3 Bg6 15. Nh4 Bxd3 16. Qxd3 g6 17. Re2 Bc7 18. Rae1 Qd6 19. g3 Rfe8 20. Nxd5 Bd8 21. Nf4 Qd7 22. Qf3 Bc7 23. Nd5 Nxd5 24. Rxe8+ Rxe8 25. Rxe8+ Qxe8 26. Qxd5 Qe1+ 27. Kg2 Qe2 28. Qc6 Ba5 29. Qxa6 Bc7 30. Qc8+ 1-0


[Site "https://www.chess.com"]

[Event "Titled Tuesday Blitz March 07 Late 2023"]
[White "Desideri, Ricardo Maruchi"]
[Black "Kochetov, Andrey"]
[WhiteFideId "2110440"]
[BlackFideId "24130532"]
[WhiteElo "1945"]
[BlackElo "2518"]
[Result "0-1"]
[Round "01"]
[TimeControl "180+2"]
[Date "2023.03.07"]
[WhiteClock "0:00:15"]
[BlackClock "0:00:14"]

1. e4 c5 2. Nf3 d6 3. d4 cxd4 4. Nxd4 Nf6 5. Nc3 Nc6 6. Be3 Ng4 7. Nxc6 Nxe3 8. Nxd8 Nxd1 9. Rxd1 Kxd8 10. Bc4 Be6 11. Bxe6 fxe6 12. e5 a6 13. O-O Kc7 14. f4 g6 15. Ne4 Rc8 16. Ng5 Kd7 17. Rd2 h6 18. Ne4 Rc6 19. g4 Bg7 20. Rfd1 d5 21. Nc3 Rc4 22. Ne2 b5 23. b3 Re4 24. Kf2 g5 25. Kf3 gxf4 26. Rxd5+ exd5 27. Rxd5+ Ke6 28. Kxe4 Rc8 29. Nxf4+ Kf7 30. e6+ Ke8 31. Kf5 Rxc2 32. Kg6 Bf6 33. Nh5 Rxh2 34. Nxf6+ exf6 35. Kxf6 Rf2+ 36. Kg6 Ke7 37. Re5 Rf6+ 38. Kg7 Rf4 39. Kxh6 Rxg4 40. Re4 Rxe4 0-1


[Site "https://www.chess.com"]

[Event "Titled Tuesday Blitz March 07 Late 2023"]
[White "Sokac, Marko"]
[Black "Vargas, Mauricio"]
[WhiteFideId "14531356"]
[BlackFideId "4404572"]
[WhiteElo "2355"]
[BlackElo "2025"]
[Result "1-0"]
[Round "01"]
[TimeControl "180+2"]
[Date "2023.03.07"]
[WhiteClock "0:01:54"]
[BlackClock "0:00:42"]

1. e4 c5 2. a3 d6 3. b4 b6 4. Nc3 Bb7 5. Nf3 Nc6 6. b5 Nd4 7. Bc4 e5 8. O-O Nf6 9. d3 g6 10. Ng5 Ne6 11. Nxe6 fxe6 12. Bxe6 Qe7 13. Bc4 O-O-O 14. Bg5 h6 15. Nd5 Bxd5 16. Bxf6 Qxf6 17. Bxd5 h5 18. a4 h4 19. h3 Kc7 20. a5 Rb8 21. axb6+ axb6 22. Ra7+ Kd8 23. Qg4 Qe7 24. Rxe7 Bxe7 25. Ra1 1-0


[Site "https://www.chess.com"]